 Dungeon Crawl Stone Soup version 0.31-a0-949-g57150269e1 (webtiles) character file.

Game seed: 15153374679709158019

92 Getoffmy the Shooter (level 4, -2/35 HPs)
             Began as a Formicid Hunter on Oct 21, 2023.
             Slain by Crazy Yiuf
             ... wielding a +4 quarterstaff of chaos
              (11 damage)
             ... on level 2 of the Dungeon.
             The game lasted 00:02:04 (1320 turns).

Getoffmy the Shooter (Formicid Hunter)              Turns: 1320, Time: 00:02:04

Health: -2/35      AC:  3    Str: 15    XL:     4   Next: 90%
Magic:  3/4        EV: 17    Int:  9    God:
Gold:   170        SH:  0    Dex: 19    Spells: 3/3 levels left

rFire   . . .        a - +0 shortbow
rCold   . . .        (no shield)
rNeg    . . .        c - +0 leather armour
rPois   .            (helmet unavailable)
rElec   .            (no cloak)
rCorr   .            (no gloves)
SInv    +            (no boots)
Will    .....        (no amulet)
Stlth   ++           (no ring)
HPRegen 0.25/turn    (no ring)
MPRegen 0.09/turn

%: no passive effects
@: agile
A: permanent stasis, dig shafts and tunnels, antennae 3, four strong arms
a: Dig, Shaft Self


You were on level 2 of the Dungeon.
You visited 1 branch of the dungeon, and saw 2 of its levels.

You collected 170 gold pieces.

Inventory:

Hand Weapons
 a - a +0 shortbow (weapon)
 h - a +0 sling of flaming
Armour
 c - a +0 leather armour (worn)
Scrolls
 b - a scroll of butterflies
 d - 2 scrolls of identify {unknown}
 e - a scroll of teleportation {unknown}
 f - a scroll of revelation {unknown}
 g - a scroll of vulnerability {unknown}
Potions
 i - a potion of curing {unknown}
 j - a potion of invisibility {unknown}


   Skills:
 + Level 3.1 Fighting
 * Level 5.0 Ranged Weapons
 - Level 1.7 Dodging
 + Level 2.9 Stealth


You had 3 spell levels left.
You didn't know any spells.
Your spell library was empty.

Dungeon Overview and Level Annotations

Branches:
Dungeon (2/15)

Altars:

Annotations:
D:2 Crazy Yiuf


Innate Abilities, Weirdness & Mutations

You cannot be hasted, slowed, berserked, paralysed or teleported.
You can dig through walls and to a lower floor.
You have a pair of large antennae on your head. (SInv)
Your four strong arms can wield two-handed weapons with a shield.


Message History

Crazy Yiuf is moderately wounded.
You shoot an arrow.
The arrow hits Crazy Yiuf but does no damage.
Crazy Yiuf is moderately wounded.
Crazy Yiuf hits you with a +4 quarterstaff of chaos!
You feel agile all of a sudden.
Crazy Yiuf hits you with a +4 quarterstaff of chaos.
You feel your power leaking away.
You shoot an arrow.
The arrow hits Crazy Yiuf but does no damage.
Crazy Yiuf is moderately wounded.
Crazy Yiuf hits you with a +4 quarterstaff of chaos.
Space warps around you.
* * * LOW HITPOINT WARNING * * *
You are too injured to fight recklessly!
You are too injured to fight recklessly!
You are too injured to fight recklessly!
Unknown command.
You are too injured to fight recklessly!
You are too injured to fight recklessly!
Non-targeted abil: Dig
Press: ? - help, Q - select action, (/) - cycle Dir - look around, f - activate You extend your mandibles.
Non-targeted abil: Dig
Press: ? - help, Q - select action, (/) - cycle Dir - look around, f - activate
Okay, then.
What are your orders? t - Shout!
Orders for allies: a - Attack new target. r - Retreat! s - Stop attacking. g - Guard the area. f - Follow me.
Anything else - Cancel.
Okay, then.
Non-targeted abil: Dig
Press: ? - help, Q - select action, (/) - cycle Dir - look around, f - activate
Okay, then.
You retract your mandibles.
You shoot an arrow. The arrow hits Crazy Yiuf.
Crazy Yiuf is heavily wounded.
Crazy Yiuf hits you with a +4 quarterstaff of chaos!
You die...

####.###.#####...).#....
#........##<...##....
######
###..###.......######
#....### #### #####..##
#.##...# #..#######
#.####.## #..#...... ..#
#..##♣♣ ### ####.####.
.## #.....♣♣ ♣♣#..)#
##...# #. .#
#....P.♣♣♣♣@g...# #..###
#. .# ##......♣..♣#...#
#### ##. ## ##..P.♣.♣♣♣
### #######.. #
#.##♣♣♣♣♣ #.......# #
#.# #.####### # #.#
######### #.# #######.#
#.......### #.# #####
##...#..#
#.#...#...###.###....
##.....##
#.#.#####..##.##.....


You could see Crazy Yiuf.

Vanquished Creatures
  Jessica (D:2)
  A gnoll (D:1)
  An adder (D:2)
  2 dart slugs
  2 bats
  5 endoplasms
  5 goblins
  6 hobgoblins
  5 kobolds
  A quokka (D:2)
  5 ball pythons
  2 frilled lizards
  4 rats
40 creatures vanquished.

Notes
Turn   | Place    | Note
-------+----------+-------------------------------------------
     0 | D:1      | Getoffmy the Formicid Hunter began the quest for the Orb.
     0 | D:1      | Reached XP level 1. HP: 16/16 MP: 1/1
   273 | D:1      | Reached XP level 2. HP: 23/23 MP: 2/2
   432 | D:1      | Reached XP level 3. HP: 24/28 MP: 3/3
   783 | D:2      | Found a runed translucent door.
   784 | D:2      | Noticed Crazy Yiuf
   874 | D:2      | Noticed Jessica
   879 | D:2      | Killed Jessica
   880 | D:2      | Reached XP level 4. HP: 20/34 MP: 4/4
  1038 | D:2      | Reached skill level 5 in Ranged Weapons
  1320 | D:2      | Slain by Crazy Yiuf

Illustrated notes

Levels and vault maps discovered:
D:1:      elethiomel_arrival_quiet, layout_basic, minmay_tetromino_t2
D:2:      layout_rooms, uniq_jessica, uniq_crazy_yiuf_cottage

Skill      XL: |  1  2  3  4 |
---------------+-------------+-----
Stealth        | 2 |  2.9
Fighting       | 3 |  3.1
Ranged Weapons | 5 |  5.0
Dodging        | |  1.7

Action                     |  1- 3 |  4- 6 || total
---------------------------+-------+-------++-------
   Fire: Shortbow          |    67 |    44 ||   111
Ability: Dig               |       |     1 ||     1
 Armour: Leather armour    |    12 |    10 ||    22
  Dodge: Dodged            |    16 |    13 ||    29

Table legend: (Time is in decaauts)
 A = Elapsed time spent in this place.
 B = Non-inter-level travel time spent in this place.
 C = Inter-level travel time spent in this place.
 D = Time resting spent in this place.
 E = Time spent auto-exploring this place.
 F = Levels seen in this place.
 G = Mean time per level.
                   A        B        C        D        E       F      G
               +--------+--------+--------+--------+--------+-----+--------+
         Total |   1342 |   1326 |     16 |    256 |    840 |   2 |  671.0 |
       Dungeon |   1342 |   1326 |     16 |    256 |    840 |   2 |  671.0 |
               +--------+--------+--------+--------+--------+-----+--------+

Top non-repeatable levels by time:
     D:1: 765 daAuts
     D:2: 576 daAuts
